 Dungeon Crawl Stone Soup version 0.22-a0-166-g5351223 (webtiles) character file.

127 Borgoz the Skirmisher (level 4, -2/54 HPs)
             Began as a Demonspawn Abyssal Knight on Feb 13, 2018.
             Was a Believer of Lugonu.
             Slain by a phantom (5 damage)
             ... on level 4 of the Dungeon.
             The game lasted 00:07:44 (2305 turns).

Borgoz the Skirmisher (Demonspawn Abyssal Knight)   Turns: 2305, Time: 00:07:45

Health: -2/54      AC: 22    Str: 14    XL:     4   Next: 85%
Magic:  6/6        EV:  2    Int: 13    God:    Lugonu [**....]
Gold:   119        SH:  0    Dex: 12    Spells: 3/3 levels left

rFire    . . .     SeeInvis .   a - +4 mace
rCold    . . .     Gourm    .   (no shield)
rNeg     + + +     Faith    .   (armour currently unavailable)
rPois    +         Spirit   .   (helmet currently unavailable)
rElec    .         Reflect  .   (cloak currently unavailable)
rCorr    .         Harm     .   (gloves currently unavailable)
MR       .....     NoTele   +   (boots currently unavailable)
Stlth    +.........             (no amulet)
HPRegen  0.18/turn              k - ring of positive energy
MPRegen  0.10/turn              (no ring)

@: tree-form, hasted, very quick
A: powered by death 1
a: Depart the Abyss, Bend Space, Renounce Religion


You were on level 4 of the Dungeon.
You worshipped Lugonu.
Lugonu was pleased with you.
You were hungry.
You were a tree.
You visited 1 branch of the dungeon, and saw 4 of its levels.
You visited the Abyss 1 time.

You collected 119 gold pieces.

Inventory:

Hand Weapons
 a - a +4 mace (weapon)
 b - a +2 mace of protection
 p - a +0 whip
Armour
 d - a +0 scale mail
 g - a +0 ring mail (melded)
Jewellery
 k - a ring of positive energy (left branch)
 n - an uncursed ring of ice
Wands
 i - a wand of iceblast (5)
Scrolls
 o - 2 scrolls of remove curse
Potions
 f - a potion of lignification
 j - 3 potions of curing
Comestibles
 c - 5 rations


   Skills:
 + Level 3.6 Fighting
 + Level 2.5 Maces & Flails
 + Level 2.5 Armour
 + Level 2.0 Dodging
 + Level 3.6 Invocations


You had 3 spell levels left.
You didn't know any spells.

Dungeon Overview and Level Annotations

Branches:
Dungeon (4/15)
 Temple: D:4-7

Altars:
Cheibriados
Wu Jian
Yredelemnul

Annotations:
D:4 Dowan, Duvessa, Grinder


Innate Abilities, Weirdness & Mutations

((You are mostly covered in molten scales. (AC +3)))
You regenerate a little health from kills.


Message History

The phantom is moderately damaged.
The phantom blinks!
It was a potion of haste.
You feel yourself speed up.
You hit the phantom.
The phantom is heavily damaged.
The phantom hits you but does no damage.
You closely miss the phantom.
The phantom is heavily damaged.
You barely miss the phantom.
The phantom is heavily damaged.
You hear the rusting of a distant drain.
The phantom hits you but does no damage.
You closely miss the phantom.
The phantom is heavily damaged.
The phantom hits you.
* * * LOW HITPOINT WARNING * * *
You hit the phantom.
The phantom is heavily damaged.
The phantom hits you.
You die...

######
####....####
...........
#..W.#
#..♣.#
#....#
#....#
######


You could see a phantom.

Vanquished Creatures
  Ijyb (D:3)
  3 adders (D:2)
  3 gnolls (D:3)
  An ooze (D:2)
  A worm (D:2)
  A dart slug (D:2)
  A leopard gecko (D:2)
  2 giant cockroaches (D:1)
  4 goblins
  6 hobgoblins (D:2)
  A quokka (D:4)
  2 ball pythons
  A bat (D:1)
  6 frilled lizards
  7 kobolds
  4 rats
44 creatures vanquished.

Notes
Turn   | Place    | Note
-------+----------+-------------------------------------------
     0 | Abyss:1  | Borgoz the Demonspawn Abyssal Knight began the quest for the Orb.
     0 | Abyss:1  | Reached XP level 1. HP: 18/18 MP: 2/2
    64 | Abyss:2  | Noticed a worldbinder
    65 | D:1      | Escaped the Abyss
    79 | D:1      | Reached * piety under Lugonu
    79 | D:1      | Reached skill level 1 in Dodging
   126 | D:1      | Found an ornate altar of the Wu Jian Council.
   459 | D:1      | Gained mutation: You regenerate a little health from kills. [demonic ancestry]
   459 | D:1      | Reached XP level 2. HP: 24/24 MP: 4/4
  1043 | D:2      | Found a basalt altar of Yredelemnul.
  1088 | D:2      | Gained mutation: You are partially covered in molten scales. (AC +2) [demonic ancestry]
  1088 | D:2      | Reached XP level 3. HP: 29/29 MP: 5/5
  1212 | D:2      | Found a snail-covered altar of Cheibriados.
  1933 | D:3      | Gained mutation: You are mostly covered in molten scales. (AC +3) [demonic ancestry]
  1933 | D:3      | Reached XP level 4. HP: 34/35 MP: 6/6
  1962 | D:3      | Noticed Ijyb
  1981 | D:2      | Reached ** piety under Lugonu
  2029 | D:3      | Killed Ijyb
  2166 | D:4      | Noticed Grinder
  2176 | D:4      | Noticed Dowan
  2179 | D:4      | Noticed Duvessa
  2281 | D:4      | Noticed a phantom
  2305 | D:4      | Slain by a phantom

Vault maps used:
D:1:      dpeg_arrival_orchard, serial_forest, infiniplex_forest_clump_medium,
          infiniplex_forest_clump_curved, infiniplex_forest_fountain,
          infiniplex_forest_clump_medium, infiniplex_forest_straight_3,
          infiniplex_forest_straight_2, hangedman_decor_riveting,
          minmay_statues_item, kennysheep_flooded_box
D:2:      kennysheep_slug_shrine, old_standard_altar, first_ration,
          solitary_fountain
D:3:      trog_book, uniq_crazy_yiuf_cottage, uniq_ijyb
D:4:      lemuel_doored_altar, lemuel_coloured_pillars_altar,
          portal_sewer_entry_f, uniq_grinder, uniq_duvessa, uniq_robin
Abyss:2:  evilmike_abyss_exit_10, minivault_13

Skill      XL: |  1  2  3  4 |
---------------+-------------+-----
Dodging        | 1 2 |  2.0
Armour         | 2 |  2.5
Maces & Flails | 2 |  2.5
Invocations    | 3 |  3.6
Fighting       | |  3.6

Action                   |  1- 3 |  4- 6 || total
-------------------------+-------+-------++-------
Melee: Morningstar       |    50 |       ||    50
       Mace              |    81 |    51 ||   132
Invok: Depart the Abyss  |     1 |       ||     1
  Use: Scroll            |     3 |     6 ||     9
       Potion            |       |     2 ||     2
  Eat: Chunk             |     3 |     1 ||     4
Armor: Ring mail         |    47 |    18 ||    65
       Leather armour    |     1 |       ||     1
       Skin              |       |     3 ||     3
Dodge: Dodged            |    67 |    17 ||    84

Table legend:
 A = Spawn XP
 B = Non-spawn XP
 C = Spawn XP percentage of total XP
 D = Spawn monster count
 E = Non-spawn monster count
 F = Spawn count percentage of total count
 G = Total turns spent on level
                    A         B        C        D         E        F      G
               +---------+---------+-------+---------+---------+-------+---------
         Total |       0 |     182 |   0.0 |       0 |      44 |   0.0 |  2305
               +---------+---------+-------+---------+---------+-------+---------
           D:1 |       0 |      18 |   0.0 |       0 |      13 |   0.0 |   754
           D:2 |       0 |      81 |   0.0 |       0 |      23 |   0.0 |  1116
           D:3 |       0 |      81 |   0.0 |       0 |       7 |   0.0 |   221
           D:4 |       0 |       2 |   0.0 |       0 |       1 |   0.0 |   149
               +---------+---------+-------+---------+---------+-------+---------
